 Dungeon Crawl Stone Soup version 0.26.1-2-gb8aa6d0cf2 (webtiles) character file.

Game seed: 18358170826124269469

501 Freshguac the Cutter (level 7, 0/52 HPs)
             Began as a Human Fighter on Mar 24, 2021.
             Was a Believer of Wu Jian.
             Succumbed to a worker ant's poison
             ... on level 8 of the Dungeon.
             The game lasted 00:17:43 (3883 turns).

Freshguac the Cutter (Human Fighter)                Turns: 3883, Time: 00:17:44

Health: 0/52       AC:  7    Str: 15 (18) XL:     7   Next: 40%
Magic:  7/7        EV: 13    Int: 12 (14) God:    Wu Jian [**....]
Gold:   210        SH:  8    Dex: 10 (13) Spells: 6/6 levels left

rFire    . . .     SeeInvis .   a - +1 rapier
rCold    . . .     Faith    .   c - +0 kite shield
rNeg     . . .     Spirit   .   e - +0 ring mail
rPois    .         Reflect  .   (no helmet)
rElec    .         Harm     .   (no cloak)
rCorr    .         Rampage  .   j - +0 pair of gloves
Will     .....                  (no boots)
Stlth    +.........             (no amulet)
HPRegen  0.17/turn              r - +4 ring of evasion
MPRegen  0.10/turn              u - +6 ring of intelligence

@: mighty, lethally poisoned (0 -> -18)
A: no striking features
a: Renounce Religion, Wall Jump


You were on level 8 of the Dungeon.
You worshipped Wu Jian.
Wu Jian was pleased with you.
You visited 1 branch of the dungeon, and saw 6 of its levels.

You collected 210 gold pieces.

Inventory:

Hand Weapons
 a - a +1 rapier (weapon)
 g - a +0 club
 w - a +0 long sword
Missiles
 f - 120 stones (quivered)
Armour
 b - a +0 scale mail
 c - a +0 kite shield (worn)
 e - a +0 ring mail (worn)
 j - a +0 pair of gloves (worn)
Jewellery
 r - a +4 ring of evasion (left hand)
 u - a +6 ring of intelligence (right hand)
Scrolls
 i - 2 scrolls of enchant weapon
 l - a scroll of fear {unknown}
 m - 2 scrolls of fog {unknown}
 n - 6 scrolls of identify {unknown}
 p - a scroll of remove curse {unknown}
 q - a scroll of amnesia {unknown}
 t - 3 scrolls of teleportation {unknown}
Potions
 d - a potion of might
 h - 2 potions of berserk rage {unknown}
 k - 4 potions of curing {unknown}
 o - a potion of degeneration
 s - 2 potions of magic {unknown}


   Skills:
 + Level 3.5 Fighting
 + Level 4.8(4.9) Short Blades
 - Level 1.1(3.2) Long Blades
 + Level 4.4 Armour
 + Level 2.7 Dodging
 + Level 1.2 Stealth
 - Level 3.7 Shields


You had 6 spell levels left.
You didn't know any spells.
Your spell library was empty.

Dungeon Overview and Level Annotations

Branches:
Dungeon (5/15)
 Temple: D:4-7

Altars:
Wu Jian
Xom
The Shining One

Annotations:
D:3 Grinder


Message History

The worker ant poisons you!
Okay, then.
You feel very mighty all of a sudden.
* * * LOW HITPOINT WARNING * * *
You feel sick. The worker ant misses you.
You closely miss the worker ant.
The worker ant is severely wounded.
* * * LOW HITPOINT WARNING * * *
You feel sick. You block the worker ant's attack. The worker ant bites you.
* * * LOW HITPOINT WARNING * * *
You are more poisoned.
The worker ant poisons you!
It was a potion of degeneration.
There was something very wrong with that liquid.
You feel weakened.
You feel dopey.
You feel clumsy.
* * * LOW HITPOINT WARNING * * *
You feel sick. You block the worker ant's attack.
* * * LOW HITPOINT WARNING * * *
You feel sick.
You die...

#.# ###.### #.#### #.....#
#....# ####.....## #.##.#
#.......[.. #.# #
#.##.....## #.# # #.....##
#.# #####.## #.# ######.##
####.######@##.#.......)....
.........B.....Z...######.#.
####........##$#... ........
########## # ##....#.
#.####. #. #. # #. #. ..


You could see a worker ant and an adder zombie.

Vanquished Creatures
  An ogre (D:4)
  A howler monkey (D:4)
  A hound (D:4)
  A jelly (D:8)
  An orc priest (D:3)
  An orc wizard (D:3)
  3 worker ants (D:4)
  3 gnolls (D:3)
  6 adders
  A howler monkey skeleton (D:4)
  3 oozes
  An adder skeleton (D:4)
  3 worms
  2 dart slugs
  3 leopard geckos
  4 orcs (D:3)
  5 bats
  A giant cockroach (D:3)
  9 goblins
  7 hobgoblins
  6 jackals
  4 kobolds
  2 quokkas
  7 frilled lizards
  7 rats
83 creatures vanquished.

Notes
Turn   | Place    | Note
-------+----------+-------------------------------------------
     0 | D:1      | Freshguac the Human Fighter began the quest for the Orb.
     0 | D:1      | Reached XP level 1. HP: 18/18 MP: 1/1
   106 | D:1      | Reached XP level 2. HP: 24/24 MP: 2/2
   789 | D:1      | Reached XP level 3. HP: 26/29 MP: 3/3
  1417 | D:2      | Reached skill level 1 in Long Blades
  1553 | D:2      | Reached XP level 4. HP: 31/35 MP: 4/4
  2090 | D:3      | Found a faded altar of an unknown god.
  2127 | D:3      | Reached skill level 1 in Dodging
  2240 | D:3      | Reached XP level 5. HP: 12/41 MP: 5/5
  2587 | D:3      | Became a worshipper of the Wu Jian Council
  2587 | D:3      | Reached * piety under Wu Jian
  2967 | D:3      | Reached XP level 6. HP: 47/47 MP: 6/6
  3229 | D:3      | Noticed Grinder
  3230 | D:3      | Paralysed by Grinder for 5 turns
  3443 | D:4      | Noticed an ogre
  3452 | D:4      | Killed an ogre
  3459 | D:4      | Reached XP level 7. HP: 52/52 MP: 7/7
  3506 | D:4      | Reached skill level 1 in Stealth
  3537 | D:4      | Reached ** piety under Wu Jian
  3657 | D:4      | Found a shimmering altar of Xom.
  3658 | D:4      | Found a glowing golden altar of the Shining One.
  3677 | D:5      | Entered Level 5 of the Dungeon
  3723 | D:5      | You fall into a shaft and drop 3 floors!
  3877 | D:8      | HP: 2/52 [poisoned by a worker ant]
  3882 | D:8      | HP: 1/52 [poisoned by a worker ant]
  3883 | D:8      | Succumbed to a worker ant's poison

Illustrated notes

Levels and vault maps discovered:
D:1:      heliophobic_arrival_dark_side_of_the_moon, layout_basic
D:2:      layout_basic, uniq_sigmund
D:3:      layout_loops_ring, chequers_ecumenical_altar_island, uniq_grinder
D:4:      layout_loops_ring, chequers_temple_overflow_statue_of_worship
D:5:      kennysheep_spiral_hall, layout_cave_pods, basic_altar, uniq_pikel,
          uniq_edmund
D:8:      layout_loops_ring

Skill      XL: |  1  2  3  4  5  6  7 |
---------------+----------------------+-----
Long Blades    | 1 |  1.1
Dodging        | 1 2 |  2.7
Armour         | 4 |  4.4
Short Blades   | 4 |  4.8
Stealth        | 1 |  1.2
Fighting       | |  3.5
Shields        | |  3.7

Action                   |  1- 3 |  4- 6 |  7- 9 || total
-------------------------+-------+-------+-------++-------
Melee: Rapier            |   116 |   194 |    83 ||   393
Throw: Stone             |       |     4 |       ||     4
Invok: Whirlwind         |       |     6 |     2 ||     8
       Lunge             |       |     4 |     3 ||     7
  Use: Potion            |       |     2 |     3 ||     5
       Scroll            |       |       |     1 ||     1
 Stab: Sleeping          |       |       |     1 ||     1
Armor: Ring mail         |    47 |    34 |    22 ||   103
Dodge: Dodged            |    44 |    80 |    34 ||   158
Block: Kite shield       |    54 |    80 |    35 ||   169
